 Dungeon Crawl Stone Soup version 0.27.1-33-g824d729ab1 (webtiles) character file.

Game seed: 10002659990432573228

581 zeram the Shield-Bearer (level 7, -4/41 HPs)
             Began as a Gargoyle Fighter on Dec 30, 2021.
             Slain by an ogre (15 damage)
             ... on level 6 of the Dungeon.
             The game lasted 00:05:06 (5061 turns).

zeram the Shield-Bearer (Gargoyle Fighter)          Turns: 5061, Time: 00:05:06

Health: -4/41      AC: 13    Str: 22    XL:     7   Next: 36%
Magic:  7/7        EV:  8    Int:  8    God:
Gold:   264        SH: 10    Dex:  9    Spells: 6/6 levels left

rFire    . . .     SeeInvis .   a - +0 flail
rCold    + . .     Faith    .   c - +0 kite shield
rNeg     + . .     Spirit   .   b - +0 scale mail
rPois    ∞         Reflect  .   (no helmet)
rElec    +         Harm     .   (no cloak)
rCorr    .         Rampage  .   v - +0 pair of gloves of the Hidden Vale {rC+}
Will     .....                  (no boots)
Stlth    ..........             (no amulet)
HPRegen  0.13/turn              (no ring)
MPRegen  0.10/turn              (no ring)

@: very slightly contaminated, invisible
A: sickness immunity, AC +4, negative energy resistance 1, electricity
resistance, torment resistance 1, petrification resistance
a: no special abilities


You were on level 6 of the Dungeon.
You visited 1 branch of the dungeon, and saw 6 of its levels.

You collected 264 gold pieces.

Inventory:

Hand Weapons
 a - a +0 flail (weapon)
Missiles
 j - a throwing net
 o - 4 atropa-tipped darts (quivered)
Armour
 b - a +0 scale mail (worn)
 c - a +0 kite shield (worn)
 v - the +0 pair of gloves of the Hidden Vale (worn) {rC+}
   (You found it on level 5 of the Dungeon)

   rC:        It protects you from cold.
Jewellery
 f - an amulet of faith
Wands
 s - a wand of paralysis (7)
Scrolls
 g - 3 scrolls of blinking
 i - a scroll of enchant armour {unknown}
 n - a scroll of fog {unknown}
 r - a scroll of brand weapon {unknown}
Potions
 d - a potion of might
 e - 4 potions of flight
 h - 4 potions of haste
 l - a potion of degeneration
 m - a potion of curing {unknown}
 p - a potion of heal wounds {unknown}
 q - a potion of ambrosia {unknown}
 t - a potion of lignification {unknown}
 u - a potion of magic {unknown}


   Skills:
 - Level 3.2 Fighting
 + Level 5.1 Maces & Flails
 + Level 5.2 Armour
 + Level 1.6 Dodging
 + Level 5.4 Shields


You had 6 spell levels left.
You didn't know any spells.
Your spell library contained the following spells:

 Spells                   Type           Power      Damage    Failure   Level
 Apportation              Tloc           0%         N/A       98%         1
 Beastly Appendage        Tmut           0%         N/A       98%         1
 Magic Dart               Conj           0%         1d3       98%         1
 Wereblood                Tmut           0%         N/A       99%         2
 Dazzling Flash           Conj/Hex       0%         N/A       100%        3
 Frozen Ramparts          Ice            0%         1d2       100%        3
 Spider Form              Tmut/Pois      0%         N/A       100%        3
 Ice Form                 Ice/Tmut       0%         N/A       100%        4
 Summon Ice Beast         Ice/Summ       0%         N/A       100%        4
 Alistair's Intoxication  Tmut/Pois      0%         N/A       100%        5
 Invisibility             Hex            0%         N/A       100%        6
 Orb of Destruction       Conj           0%         N/A       100%        7
 Fire Storm               Conj/Fire      0%         5d1       100%        9


Dungeon Overview and Level Annotations

Branches:
Dungeon (6/15)
 Temple: D:4-7

Altars:
Dithmenos

Shops:
D:1 :   D:2 *   D:6 *


Innate Abilities, Weirdness & Mutations

You are immune to sickness and miasma.
Your stone body is resilient. (AC +4)
You are immune to poison.
You resist negative energy. (rN+)
You are resistant to electric shocks. (rElec)
You are resistant to unholy torment.
You are immune to petrification.


Message History

You are too injured to fight recklessly!
You are too injured to fight recklessly!
You are too injured to fight recklessly!
You are too injured to fight recklessly!
You are too injured to fight recklessly!
You are too injured to fight recklessly!
You are too injured to fight recklessly!
You are too injured to fight recklessly!
You are too injured to fight recklessly!
You are too injured to fight recklessly!
You are too injured to fight recklessly!
You are too injured to fight recklessly!
You are too injured to fight recklessly!
You are too injured to fight recklessly!
You fade into invisibility!
The ogre closely misses you.
You are very lightly contaminated with residual magic.
You strike the helpless ogre from behind!
You hit the ogre.
The ogre is almost dead.
The ogre barely misses you.
You barely miss the ogre.
The ogre is almost dead.
The ogre closely misses you.
You barely miss the ogre.
The ogre is almost dead.
The ogre hits you but does no damage.
Your shield and scale mail prevent you from hitting the ogre.
The ogre is almost dead.
You block the ogre's attack.
You barely miss the ogre.
The ogre is almost dead.
The ogre barely misses you.
You hit the ogre but do no damage.
The ogre is almost dead.
You block the ogre's attack.
You hit the ogre.
The ogre is almost dead.
The ogre hits you with a +0 giant club!
You die...

.....#.#.#.# #.#
.....#.#.#.# #.#.#
....##.#.#.# #.#.#
######.#.#.# #.#.#
#.#.#.# #.#.#
######.#.#.####.#.#
.....#.#.#......#.#
.....#.#.########O#
.....#.#........@.#
.....#.############
######.# .......#
########


You could see an ogre.

Vanquished Creatures
  A black bear (D:6)
  2 phantoms
  A scorpion (D:5)
  A centaur zombie (D:6)
  A hound (D:6)
  2 iguanas (D:5)
  8 adders
  A white imp (D:5)
  A worm (D:2)
  2 dart slugs (D:1)
  3 bats
  7 endoplasms
  5 giant cockroaches
  10 goblins
  8 hobgoblins
  5 jackals (D:3)
  8 kobolds
  3 quokkas
  7 ball pythons
  2 frilled lizards (D:2)
  6 rats
84 creatures vanquished.

Notes
Turn   | Place    | Note
-------+----------+-------------------------------------------
     0 | D:1      | zeram the Gargoyle Fighter began the quest for the Orb.
     0 | D:1      | Reached XP level 1. HP: 14/14 MP: 1/1
   199 | D:1      | Found Wotu's Book Shop.
   246 | D:1      | Reached XP level 2. HP: 13/19 MP: 2/2
   624 | D:1      | Reached XP level 3. HP: 22/23 MP: 3/3
  1258 | D:2      | Reached XP level 4. HP: 15/28 MP: 4/4
  1414 | D:2      | Found Xutoleekk's Assorted Antiques.
  2102 | D:3      | Reached XP level 5. HP: 25/32 MP: 5/5
  2397 | D:3      | Reached skill level 1 in Dodging
  2420 | D:3      | Found a shadowy altar of Dithmenos.
  3533 | D:5      | Entered Level 5 of the Dungeon
  3766 | D:5      | Reached XP level 6. HP: 15/37 MP: 6/6
  4077 | D:5      | Reached skill level 5 in Shields
  4284 | D:5      | Identified the +0 pair of gloves of the Hidden Vale {rC+}
  4301 | D:5      | Identified the +1 leather armour "Hunur" {Rampage rElec}
  4475 | D:6      | Noticed a black bear
  4488 | D:6      | Killed a black bear
  4489 | D:6      | Reached skill level 5 in Armour
  4489 | D:6      | Reached XP level 7. HP: 31/41 MP: 7/7
  4592 | D:6      | Reached skill level 5 in Maces & Flails
  4805 | D:6      | Found Qiogoh's Elemental Accessories.
  4822 | D:6      | Got the Almanac of Confrontation
  5061 | D:6      | Slain by an ogre

Illustrated notes

Levels and vault maps discovered:
D:1:      wander_arrival_desolate, layout_rooms, serial_shops,
          nicolae_shop_window_shopping, grunt_decor_one_mirror
D:2:      layout_loops_ring, serial_shops, nicolae_shop_crystal,
          hangedman_abyss_or_decor_lesser_grid, minmay_pentomino_x4
D:3:      layout_loops_ring, mainiacjoe_overflow_paths,
          kennysheep_generic_room_8
D:4:      layout_basic
D:5:      layout_cave_pools
D:6:      layout_basic, minmay_temple_entry_ruins, minmay_misc_feat_x,
          nicolae_elemental_shop

Skill      XL: |  1  2  3  4  5  6  7 |
---------------+----------------------+-----
Shields        | 4 5 |  5.4
Maces & Flails | 3 4 5 |  5.1
Armour         | 4 5 |  5.2
Dodging        | 1 |  1.6
Fighting       | |  3.2

Action                   |  1- 3 |  4- 6 |  7- 9 || total
-------------------------+-------+-------+-------++-------
Melee: Flail             |   132 |   207 |    53 ||   392
  Use: Scroll            |     1 |     1 |     3 ||     5
       Potion            |       |       |     1 ||     1
 Stab: Invisible         |       |       |     1 ||     1
Armor: Scale mail        |    99 |   124 |    25 ||   248
Dodge: Dodged            |    64 |    87 |    25 ||   176
Block: Kite shield       |    77 |   134 |    26 ||   237
